 Dungeon Crawl Stone Soup version 0.31.0-11-ge490571c62 (webtiles) character file.

Game seed: 6539059794766587179

360 EonDragon20 the Chiller (level 6, -6/46 HPs)
             Began as a Merfolk Ice Elementalist on Feb 9, 2024.
             Was an Initiate of Vehumet.
             Killed by nerve-wracking pain
             ... invoked by Menkaure
              (10 damage)
             ... on level 4 of the Dungeon on Feb 10, 2024.
             The game lasted 00:14:03 (4029 turns).

EonDragon20 the Chiller (Merfolk Ice Elementalist)  Turns: 4029, Time: 00:14:03

Health: -6/46      AC:  4    Str:  8    XL:     6   Next: 65%
Magic:  3/9        EV: 13    Int: 17    God:    Vehumet [......]
Gold:   260        SH:  0    Dex: 14    Spells: 2/9 levels left

rFire   . . .        (no weapon)
rCold   . . .        (no shield)
rNeg    . . .        a - +0 robe
rPois   .            (no helmet)
rElec   .            h - +0 cloak
rCorr   .            g - +0 pair of gloves
SInv    +            (no boots)
Will    .....        (no amulet)
Stlth   ++           d - ring of see invisible
HPRegen 0.27/turn    (no ring)
MPRegen 0.11/turn

%: no passive effects
@: no status effects
A: (nimble swimmer 2), mertail
a: Renounce Religion


You were on level 4 of the Dungeon.
You worshipped Vehumet.
Vehumet was noncommittal.
You visited 2 branches of the dungeon, and saw 5 of its levels.

You collected 260 gold pieces.

Inventory:

Armour
 a - a +0 robe (worn)
 g - a +0 pair of gloves (worn)
 h - a +0 cloak (worn)
Jewellery
 d - a ring of see invisible (left hand)
 o - a +6 ring of strength
 p - a ring of magical power
 q - a ring of poison resistance
Scrolls
 b - a scroll of noise {unknown}
 e - a scroll of torment {unknown}
 f - 4 scrolls of teleportation {unknown}
 i - 2 scrolls of identify {unknown}
 k - 3 scrolls of immolation
Potions
 c - a potion of curing
 j - a potion of mutation {unknown}
 l - a potion of invisibility {unknown}
 m - a potion of resistance {unknown}
 n - a potion of lignification {unknown}


   Skills:
 * Level 2.8 Fighting
 * Level 4.5 Dodging
 - Level 2.1 Stealth
 - Level 2.0 Spellcasting
 - Level 7.2 Ice Magic


You had 2 spell levels left.
You knew the following spells:

 Your Spells              Type           Power      Damage    Failure   Level
a - Freeze                Ice            100%       1d10      1%          1
b - Frozen Ramparts       Ice            52%        1d8       3%          3
c - Ozocubu's Armour      Ice            26%        N/A       3%          3

Your spell library contained the following spells:

 Spells                   Type           Power      Damage    Failure   Level
 Call Imp                 Summ           2%         N/A       28%         2
 Sublimation of Blood     Necr           1%         N/A       28%         2
 Summon Ice Beast         Ice/Summ       14%        N/A       13%         3
 Dazzling Flash           Conj/Hex       2%         N/A       50%         3
 Mephitic Cloud           Conj/Alch/Air  1%         N/A       50%         3
 Tukima's Dance           Hex            1%         N/A       50%         3
 Dimensional Bullseye     Hex/Tloc       0%         N/A       88%         4
 Iskenderun's Mystic Bla  Conj/Tloc      1%         2d3       88%         4
 Curse of Agony           Necr           1%         N/A       99%         5
 Silence                  Hex/Air        0%         N/A       99%         5
 Summon Hydra             Summ           0%         N/A       100%        7


Dungeon Overview and Level Annotations

Branches:
Dungeon (4/15)             Temple (1/1) D:4

Altars:
Ashenzari
Cheibriados
Dithmenos
Elyvilon
Fedhas
Gozag
Kikubaaqudgha
Makhleb
Nemelex Xobeh
Qazlal
Trog
Uskayaw
Vehumet
Wu Jian
Yredelemnul
Zin
The Shining One

Annotations:
D:1 1 transporter
D:4 1 runed translucent door, Crazy Yiuf, Menkaure


Innate Abilities, Weirdness & Mutations

((You are very nimble when in or above water. (Stealth+, EV+, Speed+++)))
Your lower body shifts to a powerful aquatic tail in water.


Message History

Menkaure hits you!
An iguana comes into view.
Casting: Ozocubu's Armour (dangerous; 3% risk of failure)
Confirm with . or Enter, or press ? or * to list all spells.
Aiming: Freeze (safe; 1% risk of failure)
Press: ? - help, Shift-Dir - straight line, f - Menkaure
Aim: Menkaure (lightly damaged, fast)
You freeze Menkaure.
Menkaure resists.
Menkaure is moderately damaged.
The iguana hisses angrily.
Menkaure completely resists.
The wall freezes Menkaure but does no damage.
Menkaure barely misses you.
Menkaure resists.
The wall freezes Menkaure.
Menkaure hits you!
Menkaure resists.
The wall freezes Menkaure.
Menkaure draws the symbol "Udjat" in the dust.
Menkaure closely misses you.
The wall freezes Menkaure but does no damage.
Menkaure shouts, "The sands of time shall wipe you from history!"
Menkaure hits you!
* * * LOW HITPOINT WARNING * * *
Unknown command.
It was a potion of curing.
You feel better.
The wall freezes Menkaure but does no damage.
Menkaure barely misses you.
Your icy armour cracks and falls away as you move.
The frozen ramparts melt away as you move.
Menkaure gestures at you while chanting.
Pain shoots through your body!
* * * LOW HITPOINT WARNING * * *
You see here a +0 leather armour.
You hear the rapid rusting of a drain nearby.
Menkaure gestures at you while chanting.
Pain shoots through your body!
* * * LOW HITPOINT WARNING * * *
Menkaure casts a spell at you.
You barely resist.
Menkaure gestures at you while chanting.
Pain shoots through your body!
You die...

#.##..# ... #.....## ##...##
#...# #..#...# #....## #)..#
#..#..## #.....# ##### #l#...##
#)..†.# #.##.8.#####
.#..##.###########M#.....##.##
...))...........#.##8.>.8.#..##
.#...>........###.............#
.#....#)..#...#.@.#.#.8.#...###
#....#..#..##..####..#######
#.......#....>## ###...#
#.............####....##
##........#...#..l...#.##
.........##.#...#......#
#..........#.....#...##... .
#..####)...# .... ....
#..).#.^...###


You could see Menkaure (fast) and an iguana.

Vanquished Creatures
  Duvessa (D:4)
  Dowan (D:4)
  2 orc priests (D:4)
  An orc wizard (D:4)
  3 adders
  A ribbon worm (D:3)
  11 dart slugs (D:3)
  3 orcs (D:4)
  6 endoplasms
  3 giant cockroaches
  5 hobgoblins
  3 jackals (D:3)
  6 kobolds
  3 quokkas
  5 ball pythons
  8 bats
  4 frilled lizards
  2 goblins
  10 rats
78 creatures vanquished.

Notes
Turn   | Place    | Note
-------+----------+-------------------------------------------
     0 | D:1      | EonDragon20 the Merfolk Ice Elementalist began the quest
                  | for the Orb.
     0 | D:1      | Reached XP level 1. HP: 13/13 MP: 3/3
   460 | D:1      | Reached XP level 2. HP: 19/19 MP: 3/5
   478 | D:1      | Reached skill level 5 in Ice Magic
   735 | D:1      | Found a faded altar of an unknown god.
  1167 | D:2      | Reached XP level 3. HP: 24/24 MP: 1/6
  1703 | D:2      | Learned a level 3 spell: Frozen Ramparts
  1975 | D:2      | Reached skill level 6 in Ice Magic
  2120 | D:3      | Found a glowing golden altar of the Shining One.
  2131 | D:3      | Reached XP level 4. HP: 30/30 MP: 4/7
  2699 | D:3      | Found a stormy altar of Qazlal.
  2978 | D:3      | Learned a level 3 spell: Ozocubu's Armour
  3303 | D:4      | Noticed Dowan
  3304 | D:4      | Noticed Duvessa
  3316 | D:4      | Killed Dowan
  3317 | D:4      | Reached skill level 7 in Ice Magic
  3317 | D:4      | Reached XP level 5. HP: 28/35 MP: 3/8
  3417 | D:4      | Killed Duvessa
  3418 | D:4      | Reached XP level 6. HP: 20/44 MP: 3/9
  3550 | D:4      | Identified the +8 spear "Todyofill" {freeze, rPois MP-9
                  | Int+2 Dex+4}
  3569 | D:4      | Found a runed translucent door.
  3570 | D:4      | Noticed Crazy Yiuf
  3837 | D:4      | Found a staircase to the Ecumenical Temple.
  3851 | Temple   | Entered the Ecumenical Temple
  3921 | Temple   | Became a worshipper of Vehumet
  3986 | D:4      | Noticed Menkaure
  4019 | D:4      | HP: 1/46 [Menkaure/nerve-wracking pain (9)]
  4029 | D:4      | Killed from afar by Menkaure

Illustrated notes

Levels and vault maps discovered:
D:1:      spicycebolla_arrival_risky_transporter, layout_loops_ring,
          hellmonk_ecumenical_altar_blasted, st_stairs_4,
          chequers_decorated_corner, nicolae_wormholes
D:2:      layout_loops_ring
D:3:      kennysheep_slugbush, layout_basic,
          mainiacjoe_overflow_small_starburst, mainiacjoe_overflow_catwalk,
          nicolae_elevator_lobby_plus
D:4:      minmay_recursive_quarters, layout_cave_pools,
          minmay_temple_entry_statues_pillars, gup_sewer_entry_bowl,
          uniq_eustachio, uniq_crazy_yiuf_cottage, uniq_menkaure, uniq_duvessa
Temple:   regret_index_temple_waves

Skill      XL: |  1  2  3  4  5  6 |
---------------+-------------------+-----
Ice Magic      | 5 6 7 |  7.2
Fighting       | 2 |  2.8
Dodging        | 3 4 |  4.5
Stealth        | |  2.1
Spellcasting   | |  2.0

Action                     |  1- 3 |  4- 6 || total
---------------------------+-------+-------++-------
  Melee: Unarmed           |     5 |     2 ||     7
   Cast: Freeze            |    60 |    40 ||   100
         Frozen Ramparts   |     1 |    20 ||    21
         Ozocubu's Armour  |       |     2 ||     2
    Use: Potion            |       |     2 ||     2
   Stab: Sleeping          |       |     1 ||     1
 Armour: Robe              |    19 |    35 ||    54
  Dodge: Dodged            |    31 |    43 ||    74
